| TOP OF THE 1ST |
|
Fresno Grizzlies batting - Pitching for Nashville Sounds : RHP John LaMotte
|
|
Pitching: RHP John LaMotte
|
|
|
Batting: RHB Chang-wei Jiang
|
0-0: Called Strike 0-1: Ground out 5-3 (Groundball, 5L, EV 85.0 MPH)
|
|
Batting: LHB Mike Davis
|
0-0: Ball 1-0: Foul Ball, location: 2F 1-1: Swinging Strike 1-2: Foul Ball, location: 2F 1-2: Foul Ball, location: 2F 1-2: Strikes out looking
|
|
Batting: RHB Trevor Mock
|
0-0: Ball 1-0: Ball 2-0: Ball 3-0: Called Strike 3-1: Ground out 6-3 (Groundball, 6, EV 108.1 MPH)
|
| Top of the 1st over - 0 runs, 0 hits, 0 errors, 0 left on base; Fresno 0 - Nashville 0 |
| BOTTOM OF THE 1ST |
|
Nashville Sounds batting - Pitching for Fresno Grizzlies : RHP Gerardo Huerta
|
|
Pitching: RHP Gerardo Huerta
|
|
|
Batting: RHB Robby Godwin
|
0-0: Ball 1-0: Ball 2-0: Ball 3-0: Called Strike 3-1: SINGLE (Groundball, 56, EV 102.5 MPH)
|
|
Batting: RHB Jorge Bernal
|
0-0: Swinging Strike 0-1: Ball 1-1: Ball 2-1: Called Strike Robby Godwin steals 2nd base 2-2: Foul Ball, location: 2F 2-2: Ball 3-2: Foul Ball, location: 2F 3-2: DOUBLE (Line Drive, 78D, EV 112.5 MPH) Robby Godwin scores
|
|
Batting: SHB Bob Morales
|
0-0: Called Strike 0-1: Foul Ball, location: 2F 0-2: Foul Ball, location: 2F 0-2: Strikes out swinging
|
|
Batting: RHB Dusty Thompson
|
0-0: Fly out, F5 (Popup, 56S, EV 60.0 MPH)
|
|
Batting: LHB Zachary DeLuca
|
0-0: Called Strike 0-1: Called Strike 0-2: Ball 1-2: Ball 2-2: Strikes out swinging
|
| Bottom of the 1st over - 1 run, 2 hits, 0 errors, 1 left on base; Fresno 0 - Nashville 1 |
| TOP OF THE 2ND |
|
Fresno Grizzlies batting - Pitching for Nashville Sounds : RHP John LaMotte
|
|
Batting: LHB Anthony Howie
|
0-0: Called Strike 0-1: Ground out 6-3 (Groundball, 6, EV 101.9 MPH)
|
|
Batting: RHB Dave Glenn
|
0-0: Ground out 5-3 (Groundball, 56, EV 85.6 MPH)
|
|
Batting: SHB Troy Kenyon
|
0-0: Foul Ball, location: 2F 0-1: Foul Ball, location: 2F 0-2: Ball 1-2: Strikes out looking
|
| Top of the 2nd over - 0 runs, 0 hits, 0 errors, 0 left on base; Fresno 0 - Nashville 1 |
| BOTTOM OF THE 2ND |
|
Nashville Sounds batting - Pitching for Fresno Grizzlies : RHP Gerardo Huerta
|
|
Batting: SHB Quincy Bradford
|
0-0: Ground out 4-3 (Groundball, 4, EV 93.8 MPH)
|
|
Batting: RHB Eduardo Chavez
|
0-0: Ball 1-0: Called Strike 1-1: Ball 2-1: Ball 3-1: Foul Ball, location: 2F 3-2: Foul Ball, location: 2F 3-2: Base on Balls
|
|
Batting: SHB Josh Thorpe
|
0-0: Ball 1-0: Foul Ball, location: 2F 1-1: Ball 2-1: Foul Ball, location: 2F 2-2: Foul Ball, location: 2F 2-2: Foul Ball, location: 2F 2-2: Foul Ball, location: 2F 2-2: Foul Ball, location: 2F 2-2: Ground out 4-3 (Groundball, 4M, EV 99.4 MPH) Eduardo Chavez to second
|
|
Batting: RHB Dunlang Clark
|
0-0: Ball 1-0: Ball 2-0: Swinging Strike 2-1: Swinging Strike 2-2: Ground out 1-3 (Groundball, 13, EV 70.0 MPH)
|
| Bottom of the 2nd over - 0 runs, 0 hits, 0 errors, 1 left on base; Fresno 0 - Nashville 1 |
| TOP OF THE 3RD |
|
Fresno Grizzlies batting - Pitching for Nashville Sounds : RHP John LaMotte
|
|
Batting: LHB Alex Alicea
|
0-0: Called Strike 0-1: Ball 1-1: Fly out, F7 (Flyball, 78D, EV 90.6 MPH)
|
|
Batting: RHB Joe Berkhahn
|
0-0: Called Strike 0-1: Foul Ball, location: 2F 0-2: Strikes out looking
|
|
Batting: RHB Tom Carico
|
0-0: SINGLE (Line Drive, 89M, EV 92.5 MPH)
|
|
Batting: RHB Chang-wei Jiang
|
0-0: Called Strike 0-1: Ball 1-1: Foul Ball, location: 2F 1-2: DOUBLE (Line Drive, 9LS, EV 104.4 MPH) Tom Carico to third Runner from 3rd tries for Home, SAFE, no throw by RF
|
|
Batting: LHB Mike Davis
|
0-0: Called Strike 0-1: SINGLE (Groundball, 56D, EV 96.3 MPH) Chang-wei Jiang to third Runner from 3rd tries for Home, SAFE, throw by LF to home
|
|
Batting: RHB Trevor Mock
|
0-0: SINGLE (Line Drive, 8RS, EV 106.9 MPH) Mike Davis to second
|
|
Batting: LHB Anthony Howie
|
0-0: Called Strike 0-1: Ball 1-1: Ball 2-1: Ball 3-1: Swinging Strike 3-2: Base on Balls Mike Davis to third Trevor Mock to second
|
|
Batting: RHB Dave Glenn
|
0-0: Called Strike 0-1: Fly out, F7 (Flyball, 7S, EV 88.1 MPH)
|
| Top of the 3rd over - 2 runs, 4 hits, 0 errors, 3 left on base; Fresno 2 - Nashville 1 |
| BOTTOM OF THE 3RD |
|
Nashville Sounds batting - Pitching for Fresno Grizzlies : RHP Gerardo Huerta
|
|
Batting: RHB Robby Godwin
|
0-0: Ground out 6-3 (Groundball, 6, EV 78.8 MPH)
|
|
Batting: RHB Jorge Bernal
|
0-0: Called Strike 0-1: Foul Ball, location: 2F 0-2: Ball 1-2: Ball 2-2: Fly out, F7 (Flyball, 78XD, EV 106.3 MPH)
|
|
Batting: SHB Bob Morales
|
0-0: Ball 1-0: Ball 2-0: Ball 3-0: Base on Balls
|
|
Batting: RHB Dusty Thompson
|
0-0: Called Strike 0-1: Ball 1-1: Foul Ball, location: 2F 1-2: SINGLE (Groundball, 56D, EV 96.3 MPH) Bob Morales to second
|
|
Batting: LHB Zachary DeLuca
|
0-0: Ball 1-0: SINGLE (Line Drive, 7S, EV 105.6 MPH) Bob Morales to third Dusty Thompson to second Runner from 3rd tries for Home, SAFE, throw by LF to home
|
|
Batting: SHB Quincy Bradford
|
0-0: Ball 1-0: SINGLE (Groundball, 4MD, EV 101.3 MPH) (infield hit) Dusty Thompson to third Zachary DeLuca to second
|
|
Batting: RHB Eduardo Chavez
|
0-0: Ball 1-0: Ball 2-0: Ball 3-0: Ground out 2-3 (Groundball, 2R, EV 65.0 MPH)
|
| Bottom of the 3rd over - 1 run, 3 hits, 0 errors, 3 left on base; Fresno 2 - Nashville 2 |
| TOP OF THE 4TH |
|
Fresno Grizzlies batting - Pitching for Nashville Sounds : RHP John LaMotte
|
|
Batting: SHB Troy Kenyon
|
0-0: Ball 1-0: Ball 2-0: Called Strike 2-1: Fly out, F4 (Line Drive, 4, EV 69.4 MPH)
|
|
Batting: LHB Alex Alicea
|
0-0: Foul Ball, location: 2F 0-1: Called Strike 0-2: Strikes out swinging
|
|
Batting: RHB Joe Berkhahn
|
0-0: Ball 1-0: Swinging Strike 1-1: Called Strike 1-2: Foul Ball, location: 2F 1-2: Strikes out swinging
|
| Top of the 4th over - 0 runs, 0 hits, 0 errors, 0 left on base; Fresno 2 - Nashville 2 |
| BOTTOM OF THE 4TH |
|
Nashville Sounds batting - Pitching for Fresno Grizzlies : RHP Gerardo Huerta
|
|
Batting: SHB Josh Thorpe
|
0-0: Ball 1-0: Foul Ball, location: 2F 1-1: Fly out, F8 (Flyball, 78D, EV 102.5 MPH)
|
|
Batting: RHB Dunlang Clark
|
0-0: Called Strike 0-1: Foul Ball, location: 2F 0-2: Strikes out swinging
|
|
Batting: RHB Robby Godwin
|
0-0: SINGLE (Groundball, 6S, EV 70.0 MPH) (infield hit)
|
|
Batting: RHB Jorge Bernal
|
0-0: Ball 1-0: SINGLE (Groundball, 56S, EV 70.6 MPH) (infield hit) Robby Godwin to second
|
|
Batting: SHB Bob Morales
|
0-0: Foul Ball, location: 2F 0-1: Ball 1-1: Ball 2-1: DOUBLE (Flyball, 89D, EV 100.6 MPH) Robby Godwin scores Jorge Bernal to third Runner from 3rd tries for Home, SAFE, throw by RF to trailing runner, OUT at third! 9-3-5
|
| Bottom of the 4th over - 2 runs, 3 hits, 0 errors, 0 left on base; Fresno 2 - Nashville 4 |
| TOP OF THE 5TH |
|
Fresno Grizzlies batting - Pitching for Nashville Sounds : RHP John LaMotte
|
|
Batting: RHB Tom Carico
|
0-0: Ball 1-0: Called Strike 1-1: Called Strike 1-2: Strikes out looking
|
|
Batting: RHB Chang-wei Jiang
|
0-0: Swinging Strike 0-1: Ball 1-1: Ball 2-1: Ball 3-1: Base on Balls
|
|
Batting: LHB Mike Davis
|
0-0: Called Strike 0-1: Ball 1-1: Called Strike 1-2: Foul Ball, location: 2F 1-2: Foul Ball, location: 2F 1-2: SINGLE (Groundball, 3D, EV 95.0 MPH) Chang-wei Jiang to second Runner from 2nd tries for 3rd, SAFE, throw by RF made to third Mike Davis to second
|
|
Batting: RHB Trevor Mock
|
0-0: Ball 1-0: Ground out 6-3 (Groundball, 6, EV 111.9 MPH) Chang-wei Jiang scores
|
|
Batting: LHB Anthony Howie
|
0-0: Ball 1-0: Ball 2-0: Called Strike 2-1: Ground out 6-3 (Groundball, 6, EV 89.4 MPH)
|
| Top of the 5th over - 1 run, 1 hit, 0 errors, 1 left on base; Fresno 3 - Nashville 4 |
| BOTTOM OF THE 5TH |
|
Nashville Sounds batting - Pitching for Fresno Grizzlies : RHP Gerardo Huerta
|
|
Batting: RHB Dusty Thompson
|
0-0: Called Strike 0-1: Called Strike 0-2: Ball 1-2: Ball 2-2: Ground out 6-3 (Groundball, 6, EV 105.0 MPH)
|
|
Batting: LHB Zachary DeLuca
|
0-0: Called Strike 0-1: Swinging Strike 0-2: Ball 1-2: Foul Ball, location: 2F 1-2: Foul Ball, location: 2F 1-2: Ball 2-2: Ball 3-2: Foul Ball, location: 2F 3-2: SINGLE (Groundball, 6MD, EV 105.0 MPH) (infield hit)
|
|
Batting: SHB Quincy Bradford
|
0-0: Ball 1-0: Ball 2-0: Called Strike 2-1: Ball 3-1: Foul Ball, location: 2F 3-2: Base on Balls Zachary DeLuca to second
|
|
Pitching: LHP Mike Cobb
|
|
|
Batting: RHB Eduardo Chavez
|
0-0: Called Strike 0-1: Foul Ball, location: 2F 0-2: Ball 1-2: Foul Ball, location: 2F 1-2: Foul Ball, location: 2F 1-2: Ball 2-2: Grounds into double play, 5-4-3 (Groundball, 56S, EV 87.5 MPH)
|
| Bottom of the 5th over - 0 runs, 1 hit, 0 errors, 1 left on base; Fresno 3 - Nashville 4 |
| TOP OF THE 6TH |
|
Fresno Grizzlies batting - Pitching for Nashville Sounds : RHP John LaMotte
|
|
Batting: RHB Dave Glenn
|
0-0: Called Strike 0-1: DOUBLE (Line Drive, 3D, EV 94.4 MPH)
|
|
Batting: SHB Troy Kenyon
|
0-0: Called Strike 0-1: Foul Ball, location: 2F 0-2: Strikes out swinging
|
|
Batting: LHB Alex Alicea
|
0-0: Foul Ball, location: 2F 0-1: Foul Ball, location: 2F 0-2: Ball 1-2: Strikes out swinging
|
|
Batting: RHB Joe Berkhahn
|
0-0: Ground out 6-3 (Groundball, 6, EV 100.6 MPH)
|
| Top of the 6th over - 0 runs, 1 hit, 0 errors, 1 left on base; Fresno 3 - Nashville 4 |
| BOTTOM OF THE 6TH |
|
Nashville Sounds batting - Pitching for Fresno Grizzlies : LHP Mike Cobb
|
|
Batting: SHB Josh Thorpe
|
0-0: Ball 1-0: Foul Ball, location: 2F 1-1: Foul Ball, location: 2F 1-2: Ground out 4-3 (Groundball, 4M, EV 75.6 MPH)
|
|
Batting: RHB Dunlang Clark
|
0-0: Called Strike 0-1: Ball 1-1: Ball 2-1: Swinging Strike 2-2: Foul Ball, location: 2F 2-2: Ground out 4-3 (Groundball, 4, EV 81.9 MPH)
|
|
Batting: RHB Robby Godwin
|
0-0: Called Strike 0-1: Ball 1-1: Swinging Strike 1-2: SINGLE (Groundball, 5S, EV 63.8 MPH) (infield hit)
|
|
Batting: RHB Jorge Bernal
|
0-0: SINGLE (Groundball, 34S, EV 95.6 MPH) Robby Godwin to second Robby Godwin to third
|
|
Batting: SHB Bob Morales
|
0-0: Called Strike Jorge Bernal steals 2nd, throwing error, E2 Robby Godwin scores Jorge Bernal to third 0-1: Foul Ball, location: 2F 0-2: Strikes out swinging
|
| Bottom of the 6th over - 1 run, 2 hits, 1 error, 1 left on base; Fresno 3 - Nashville 5 |
| TOP OF THE 7TH |
|
Fresno Grizzlies batting - Pitching for Nashville Sounds : RHP John LaMotte
|
|
Batting: RHB Tom Carico
|
0-0: Foul Ball, location: 2F 0-1: Ball 1-1: SINGLE (Groundball, 25, EV 74.4 MPH) (infield hit)
|
|
Batting: RHB Chang-wei Jiang
|
0-0: Called Strike 0-1: Ball 1-1: Ball 2-1: Foul Ball, location: 2F 2-2: Ball 3-2: Fielders Choice at 2nd, 3-6 (Groundball, 34S, EV 93.1 MPH)
|
|
Batting: LHB Mike Davis
|
0-0: Called Strike 0-1: Ball 1-1: Ball 2-1: Ball Chang-wei Jiang steals 2nd base 3-1: Ground out 6-3 (Groundball, 6, EV 104.4 MPH)
|
|
Batting: RHB Trevor Mock
|
0-0: Ball 1-0: Called Strike 1-1: Foul Ball, location: 2F 1-2: Strikes out looking
|
| Top of the 7th over - 0 runs, 1 hit, 0 errors, 1 left on base; Fresno 3 - Nashville 5 |
| BOTTOM OF THE 7TH |
|
Nashville Sounds batting - Pitching for Fresno Grizzlies : LHP Mike Cobb
|
|
Pitching: RHP Harry Christopher
|
|
|
Batting: RHB Dusty Thompson
|
0-0: Ground out 6-3 (Groundball, 6D, EV 100.6 MPH)
|
|
Batting: LHB Zachary DeLuca
|
0-0: Called Strike 0-1: Foul Ball, location: 2F 0-2: Strikes out looking
|
|
Batting: SHB Quincy Bradford
|
0-0: Fly out, F8 (Flyball, 78D, EV 80.0 MPH)
|
| Bottom of the 7th over - 0 runs, 0 hits, 0 errors, 0 left on base; Fresno 3 - Nashville 5 |
| TOP OF THE 8TH |
|
Fresno Grizzlies batting - Pitching for Nashville Sounds : RHP John LaMotte
|
|
Pitching: RHP Elijah Everett
|
|
|
Now at 2B: Quincy Bradford
|
|
|
Now at SS: Carlos Lopez
|
|
|
Now in RF: Jorge Bernal
|
|
|
Batting: LHB Anthony Howie
|
0-0: Ball 1-0: Ball 2-0: Ball 3-0: Called Strike 3-1: Called Strike 3-2: Strikes out looking
|
|
Batting: RHB Dave Glenn
|
0-0: Called Strike 0-1: Ball 1-1: Swinging Strike 1-2: Foul Ball, location: 2F 1-2: Ball 2-2: Ball 3-2: Foul Ball, location: 2F 3-2: Foul Ball, location: 2F 3-2: Base on Balls
|
|
Batting: SHB Troy Kenyon
|
0-0: Ball 1-0: Foul Ball, location: 2F 1-1: Foul Ball, location: 2F 1-2: Strikes out swinging
|
|
Batting: LHB Alex Alicea
|
0-0: Swinging Strike 0-1: Foul Ball, location: 2F 0-2: Strikes out swinging
|
| Top of the 8th over - 0 runs, 0 hits, 0 errors, 1 left on base; Fresno 3 - Nashville 5 |
| BOTTOM OF THE 8TH |
|
Nashville Sounds batting - Pitching for Fresno Grizzlies : RHP Harry Christopher
|
|
Batting: RHB Eduardo Chavez
|
0-0: Foul Ball, location: 2F 0-1: Ball 1-1: Foul Ball, location: 2F 1-2: Strikes out swinging
|
|
Batting: RHB Carlos Lopez
|
0-0: Ground out 5-3 (Groundball, 56, EV 93.1 MPH)
|
|
Batting: RHB Dunlang Clark
|
0-0: Called Strike 0-1: Ground out 6-3 (Groundball, 56, EV 90.0 MPH)
|
| Bottom of the 8th over - 0 runs, 0 hits, 0 errors, 0 left on base; Fresno 3 - Nashville 5 |
| TOP OF THE 9TH |
|
Fresno Grizzlies batting - Pitching for Nashville Sounds : RHP Elijah Everett
|
|
Pitching: RHP Joe Spampinato
|
|
|
Batting: RHB Joe Berkhahn
|
0-0: Called Strike 0-1: Swinging Strike 0-2: Strikes out swinging
|
|
Batting: RHB Tom Carico
|
0-0: Foul Ball, location: 2F 0-1: Foul Ball, location: 2F 0-2: Strikes out swinging
|
|
Batting: RHB Chang-wei Jiang
|
0-0: Ball 1-0: Foul Ball, location: 2F 1-1: Ball 2-1: Called Strike 2-2: Strikes out swinging
|
| Top of the 9th over - 0 runs, 0 hits, 0 errors, 0 left on base; Fresno 3 - Nashville 5 |
|